 Dungeon Crawl Stone Soup version 0.23.1-37-gaa34b87b72 (webtiles) character file.

Game seed: 5718097917437046115

96 Peloso the Covered (level 4, 0/41 HPs)
             Began as a Minotaur Fighter on Mar 21, 2019.
             Slain by Natasha (2 damage)
             ... on level 2 of the Dungeon.
             The game lasted 00:01:11 (930 turns).

Peloso the Covered (Minotaur Fighter)                Turns: 930, Time: 00:01:11

Health: 0/41       AC:  7    Str: 20    XL:     4   Next: 41%
Magic:  3/3        EV:  7    Int:  5    God:
Gold:   12         SH:  9    Dex: 11    Spells: 3/3 levels left

rFire    . . .     SeeInvis .   a - +0 long sword
rCold    . . .     Gourm    .   c - +0 shield
rNeg     . . .     Faith    .   b - +0 scale mail
rPois    .         Spirit   .   (helmet restricted)
rElec    .         Reflect  .   (no cloak)
rCorr    .         Harm     .   (no gloves)
MR       .....                  (no boots)
Stlth    ..........             (no amulet)
HPRegen  0.13/turn              (no ring)
MPRegen  0.08/turn              (no ring)

@: slowed, very slow
A: retaliatory headbutt, horns 2
a: no special abilities


You were on level 2 of the Dungeon.
You were not hungry.

You visited 1 branch of the dungeon, and saw 2 of its levels.

You collected 12 gold pieces.

Inventory:

Hand Weapons
 a - a +0 long sword (weapon)
Armour
 b - a +0 scale mail (worn)
 c - a +0 shield (worn)
Scrolls
 g - a scroll of teleportation {unknown}
 i - a scroll of enchant armour {unknown}
 k - a scroll of identify {unknown}
Potions
 d - 2 potions of might
 e - 2 potions of resistance {unknown}
 h - a potion of agility
 j - a potion of lignification {unknown}
 m - a potion of curing {unknown}
Comestibles
 f - 3 rations
 l - 2 chunks of flesh


   Skills:
 + Level 4.3 Fighting
 + Level 3.1 Long Blades
 + Level 4.6 Armour
 + Level 0.7 Dodging
 + Level 4.5 Shields


You had 3 spell levels left.
You didn't know any spells.
Your spell library was empty.

Dungeon Overview and Level Annotations

Branches:
Dungeon (2/15)

Altars:
The Shining One

Annotations:
D:2 Natasha


Innate Abilities, Weirdness & Mutations

You reflexively headbutt those who attack you in melee.
You have a pair of horns on your head.


Message History

Natasha wildly gestures.
Natasha shimmers violently.
Natasha closely misses you.
You riposte.
You closely miss Natasha. Your headbutt misses Natasha. Natasha claws you.
* * * LOW HITPOINT WARNING * * *
The crimson imp blinks!
You hit Natasha but do no damage. Natasha casts a spell at you.
The magic dart hits you.
* * * LOW HITPOINT WARNING * * *
Natasha barely misses you.
Unknown command.
Your shield prevents you from hitting Natasha.
The crimson imp disappears in a puff of smoke!
You block Natasha's attack.
The crimson imp blinks!
Natasha claws you.
* * * LOW HITPOINT WARNING * * *
Unknown command.
Your shield and scale mail prevent you from hitting Natasha.
Natasha claws you.
You die...

#.#.##.# #.
###......###.
..#..........
#.##..####### # #.##..#
#. #.##..# #.. #.##..#
#...########.##..#
#.$...h@.........#
#...##ยง###.#..........
#................#####
##..##.#.##........ #.
...#.h..#>...##.#
.........##...##.# #
####.#.>#......( ...
#>..........##.##
###..######.#


You could see Natasha.

Vanquished Creatures
  Terence (D:2)
  Natasha (twice) (D:2)
  An adder (D:2)
  2 giant cockroaches
  A hobgoblin (D:1)
  4 kobolds (D:1)
  A frilled lizard (D:1)
  2 goblins (D:1)
  A rat (D:1)
15 creatures vanquished.

Notes
Turn   | Place    | Note
-------+----------+-------------------------------------------
     0 | D:1      | Peloso the Minotaur Fighter began the quest for the Orb.
     0 | D:1      | Reached XP level 1. HP: 19/19 MP: 0/0
   319 | D:1      | Reached XP level 2. HP: 27/27 MP: 1/1
   409 | D:1      | Found a glowing golden altar of the Shining One.
   704 | D:2      | Noticed Natasha
   704 | D:2      | Noticed Terence
   712 | D:2      | Killed Natasha
   712 | D:2      | Reached XP level 3. HP: 15/33 MP: 2/2
   719 | D:2      | Killed Terence
   874 | D:2      | Noticed Natasha
   879 | D:2      | Killed Natasha
   879 | D:2      | Reached XP level 4. HP: 23/40 MP: 3/3
   910 | D:2      | Noticed Natasha
   929 | D:2      | HP: 2/41 [Natasha (4)]
   930 | D:2      | Slain by Natasha

Skill      XL: |  1  2  3 |
---------------+----------+-----
Armour         | 4 |  4.6
Fighting       | 4 |  4.3
Shields        | 4 |  4.5
Long Blades    | 3 |  3.1
Dodging        | |  0.7

Action                   |  1- 3 |  4- 6 || total
-------------------------+-------+-------++-------
Melee: Long sword        |    46 |    18 ||    64
       Headbutt          |     6 |     1 ||     7
Armor: Scale mail        |    17 |     9 ||    26
Dodge: Dodged            |    14 |     3 ||    17
Block: Shield            |    22 |    11 ||    33
       Rpst.: Long sword |     3 |     1 ||     4
